 Dungeon Crawl Stone Soup version 0.27.1-2-g3b301248ec (webtiles) character file.

Game seed: 15302369845989767130

137886 Kinoniko the Swashbuckler (level 16, 0/136 HPs)
             Began as a Demonspawn Berserker on Sept 28, 2021.
             Was a High Priest of Trog.
             Hit by a silver javelin thrown by a merfolk javelineer (10 damage)
             ... on level 2 of the Shoals.
             The game lasted 00:31:21 (33056 turns).

Kinoniko the Swashbuckler (Demonspawn Berserker)   Turns: 33056, Time: 00:31:21

Health: 0/136      AC: 29    Str: 22    XL:     16   Next: 70%
Magic:  16/16      EV: 13    Int: 10    God:    Trog [*****.]
Gold:   1847       SH:  9    Dex: 17    Spells: 15/15 levels left

rFire    . . .     SeeInvis .   M - +8 rapier (vorpal)
rCold    + + .     Faith    .   l - +2 buckler {reflect}
rNeg     . . .     Spirit   .   K - +1 chain mail {Will+}
rPois    .         Reflect  +   (no helmet)
rElec    .         Harm     .   (no cloak)
rCorr    .         Rampage  .   c - +2 pair of gloves {Dex+3}
Will     ++++.                  (no boots)
Stlth    ..........             (no amulet)
HPRegen  0.32/turn              t - ring "Guismoe" {rC+ Will+ Stlth+}
MPRegen  0.15/turn              k - ring of the Tortoise {AC+8}

@: on berserk cooldown, slowed, very slow
A: talons 2, icy blue scales 3, ignite blood 1, spiny 1, demonic willpower
a: Renounce Religion, Berserk, Trog's Hand, Brothers in Arms


You were on level 2 of the Shoals.
You worshipped Trog.
Trog was extremely pleased with you.
You visited 5 branches of the dungeon, and saw 23 of its levels.

You collected 2310 gold pieces.
You spent 463 gold pieces at shops.

Inventory:

Hand Weapons
 a - a +4 short sword of venom
 L - a +7 quick blade
 M - a +8 vorpal rapier (weapon)
Missiles
 S - a throwing net (quivered)
Armour
 c - a +2 pair of gloves of dexterity (worn)
 l - a +2 buckler of reflection (worn)
 y - a +0 buckler
 K - a +1 chain mail of willpower (worn)
 R - a +2 chain mail of poison resistance
Jewellery
 d - an amulet of regeneration
 k - the ring of the Tortoise (right hand) {AC+8}
   (You found it on level 10 of the Dungeon)

   [ring of protection]

   AC:        It affects your AC (+8).
 n - a ring of poison resistance
 q - a ring of positive energy
 t - the ring "Guismoe" (left hand) {rC+ Will+ Stlth+}
   (You bought it in a shop on level 2 of the Snake Pit)

   [ring of willpower]

   rC:        It protects you from cold.
   Will:      It increases your willpower.
   Stlth:     It makes you more stealthy.
 w - a ring of willpower
 H - a +4 ring of protection
 P - a ring of ice
 Q - a ring of fire
Wands
 u - a wand of digging (6)
 x - a wand of mindburst (4)
 D - a wand of iceblast (30)
 E - a wand of flame (43)
 J - a wand of acid (19)
Scrolls
 e - 3 scrolls of torment
 g - 6 scrolls of identify
 i - 2 scrolls of magic mapping
 s - 5 scrolls of amnesia
 A - 7 scrolls of teleportation
 B - 2 scrolls of fear
 F - 3 scrolls of blinking
Potions
 b - 2 potions of might
 f - a potion of ambrosia
 h - 7 potions of attraction
 m - 2 potions of flight
 o - 15 potions of curing
 p - 2 potions of haste
 r - 2 potions of brilliance
 v - 3 potions of mutation
 z - a potion of cancellation
 G - a potion of magic
 N - a potion of berserk rage {unknown}
 O - a potion of invisibility {unknown}
Miscellaneous
 C - a condenser vane
 I - a tin of tremorstones (2/2)


   Skills:
 * Level 15.1 Fighting
 - Level 16.0 Short Blades
 + Level 12.8 Armour
 + Level 9.8 Dodging
 + Level 9.5 Shields


You had 15 spell levels left.
You didn't know any spells.
Your spell library contained the following spells:

 Spells                   Type           Power      Damage    Failure   Level
 Sting                    Tmut/Pois      0%         1d3       89%         1
 Blink                    Tloc           N/A        N/A       96%         2
 Iskenderun's Mystic Bla  Conj/Tloc      0%         2d3       100%        4
 Eringya's Noxious Bog    Tmut/Pois      0%         N/A       100%        6


Dungeon Overview and Level Annotations

Branches:
Dungeon (10/15)            Temple (0/1) D:4            Lair (6/6) D:8
 Shoals (2/4) Lair:2        Snake (3/4) Lair:3        Slime (0/5) Lair:5
    Orc (2/2) D:10            Elf (0/3) Orc:2

Altars:
Cheibriados
Dithmenos
Fedhas
Gozag
Hepliaklqana
Kikubaaqudgha
Makhleb
Nemelex Xobeh
Qazlal
Ru
Trog
Wu Jian
Xom
Yredelemnul
Zin
Beogh

Shops:
D:7 *   D:8 *   Orc:2 ([:*   Snake:2 !(!*(   Snake:3 *:

Annotations:
D:8 1 runed translucent door
D:9 exclusion: ice statue
Snake:2 2 transporters
Snake:3 3 runed translucent doors, exclusion: obsidian statue, Sokuv's ghost, adept DECj


Innate Abilities, Weirdness & Mutations

You have razor-sharp toenails.
You are completely covered in icy blue scales. (AC +4, rC+)
Your demonic aura sometimes causes spilled blood to erupt in flames.
You are partially covered in sharp spines.
You punish those that try to bend your will. (Will+)


Message History

You are too injured to fight recklessly!
You are too injured to fight recklessly!
Unknown command.
You puncture the merfolk javelineer!
Your kick misses the merfolk javelineer.
The merfolk javelineer is moderately wounded.
The snapping turtle is engulfed in blazing flames.
The snapping turtle bites you!
You puncture the merfolk javelineer! You claw the merfolk javelineer.
The merfolk javelineer is heavily wounded.
The merfolk javelineer throws a silver javelin.
The silver javelin pierces through you! The silver sears you!
The snapping turtle is engulfed in blazing flames.
The snapping turtle bites you!
* * * LOW HITPOINT WARNING * * *
You puncture the merfolk javelineer!
Your kick misses the merfolk javelineer.
The merfolk javelineer is heavily wounded.
The merfolk javelineer hits you with a +0 vorpal spear!
* * * LOW HITPOINT WARNING * * *
x2 Unknown command.
Unknown command.
You feel much better. The snapping turtle bites you.
The merfolk javelineer throws a silver javelin.
The silver javelin pierces through you!
* * * LOW HITPOINT WARNING * * *
The silver sears you!
* * * LOW HITPOINT WARNING * * *
The snapping turtle is struck by your spines.
You kill the snapping turtle!
Trog accepts your kill.
Your deep troll goes berserk!
The merfolk javelineer throws a silver javelin.
The silver javelin pierces through you!!
* * * LOW HITPOINT WARNING * * *
The silver sears you!
* * * LOW HITPOINT WARNING * * *
The merfolk javelineer throws a silver javelin.
The silver javelin pierces through you!
You die...

...≈≈≈≈.≈ .. ...≈...
... ......# #. ...#
.....# ...≈≈
....##..?.# ".≈≈≈≈≈
.#........###..≈≈≈≈≈
≈.....≈m.......≈≈≈≈≈
...≈.≈≈@.T.....≈≈≈≈≈
≈...≈≈.:°)...#.≈≈≈≈≈
........#)).##..≈≈.≈
...##..))......≈≈...
.......).)..<..≈≈≈≈.
≈≈≈≈.......≈...≈≈≈≈.
≈≈≈≈............≈≈..
.≈≈≈≈....<..........
..≈..≈≈≈....###.....


You could see a merfolk javelineer (ally target) and a friendly deep troll
(summoned, berserk).

Vanquished Creatures
  Saint Roka (Orc:2)
  2 krakens (Shoals:1)
  Donald (Shoals:1)
  Louise (Shoals:1)
  A reaper (Snake:3)
  10 hydras
  Josephine (Shoals:1)
  2 salamander tyrants
  2 boulder beetles
  5 naga warriors
  A merfolk avatar (Shoals:1)
  A centaur warrior (D:10)
  5 anacondas
  An alligator snapping turtle (Shoals:1)
  2 orc high priests (Orc:2)
  4 naga sharpshooters (Snake:1)
  Urug (Orc:2)
  14 death yaks
  Nergalle (Lair:2)
  5 shock serpents
  4 salamander mystics
  5 sea snakes
  5 naga ritualists
  Pikel (D:7)
  4 orc knights
  3 harpies (Shoals:1)
  8 mana vipers
  5 fauns
  4 orc sorcerers
  2 manticores (Shoals:1)
  6 elephants (Lair:2)
  A cyclops (Shoals:1)
  5 oklob plants
  23 salamanders
  A guardian serpent (Snake:3)
  9 naga magi
  5 merfolk sirens
  27 black mambas
  A torpor snail (Lair:4)
  A rime drake (Lair:3)
  8 komodo dragons
  11 cane toads
  The ghost of Stajl the Ruffian, an amateur TrMo of Makhleb (D:4)
  4 polar bears
  A meliai (D:10)
  8 merfolk
  4 trolls
  A wind drake (Shoals:1)
  9 hornets
  Prince Ribbit (D:9)
  Grinder (D:5)
  A slime creature (D:10)
  11 dream sheep
  10 blink frogs
  3 snapping turtles
  A water elemental (Shoals:1)
  11 spriggans (Lair:6)
  4 wyverns
  4 wraiths
  68 yaks
  A steam dragon (D:9)
  7 basilisks
  An acid dragon (D:8)
  23 nagas
  5 wargs
  22 water moccasins
  9 black bears
  A swamp drake (D:10)
  A hornet zombie (D:7)
  28 orc warriors
  2 necrophages
  2 sky beasts (D:6)
  38 wolves
  4 boggarts
  9 centaurs
  10 ogres
  A phantom (D:6)
  14 bullfrogs
  2 kobold brigands
  A scorpion (D:8)
  A wyvern zombie (D:6)
  6 killer bees
  2 howler monkeys (D:9)
  2 centaur zombies
  4 lava snakes (Snake:2)
  2 hounds
  12 orc priests
  A gnoll shaman (D:8)
  Jessica (D:3)
  2 iguanas (D:5)
  Natasha (thrice) (D:3)
  25 orc wizards
  A scorpion zombie (D:4)
  12 gnolls
  5 adders
  6 white imps
  An ufetubus (D:6)
  An adder zombie (D:4)
  3 dart slugs
  62 orcs
  11 endoplasms
  A giant cockroach (D:1)
  9 goblins
  4 hobgoblins
  5 quokkas
  3 ball pythons
  7 bats
  22 kobolds
  5 rats
  A bush (Lair:5)
  7 tentacles (Shoals:1)
751 creatures vanquished.

Vanquished Creatures (collateral kills)
  A naga sharpshooter (Snake:3)
  A hornet (Lair:6)
  A blink frog (Lair:6)
  A spriggan (Lair:6)
  A naga (Snake:3)
  2 wolves (Lair:6)
7 creatures vanquished.

Vanquished Creatures (others)
  An orc priest (Orc:2)
  3 bushes
  12 fungi
  62 plants
  15 tentacles (Shoals:1)
  A withered plant (D:2)
94 creatures vanquished.

Grand Total: 852 creatures vanquished

Notes
Turn   | Place    | Note
-------+----------+-------------------------------------------
     0 | D:1      | Kinoniko the Demonspawn Berserker began the quest for the
                  | Orb.
     0 | D:1      | Reached XP level 1. HP: 18/18 MP: 1/1
    16 | D:1      | Reached skill level 3 in Short Blades
   195 | D:1      | Gained mutation: You have sharp toenails. [demonic
                  | ancestry]
   195 | D:1      | Reached XP level 2. HP: 20/24 MP: 2/2
   639 | D:1      | Reached ** piety under Trog
   640 | D:1      | Reached XP level 3. HP: 25/29 MP: 3/3
   851 | D:2      | Reached skill level 4 in Short Blades
  1333 | D:2      | Found a faded altar of an unknown god.
  1592 | D:3      | Found a bloodstained altar of Trog.
  1819 | D:3      | Noticed Natasha
  1824 | D:3      | Killed Natasha
  1825 | D:3      | Reached XP level 4. HP: 35/35 MP: 4/4
  1886 | D:3      | Noticed Jessica
  1891 | D:3      | Killed Jessica
  1908 | D:3      | Found an opulent altar of Gozag.
  1908 | D:3      | Found a shimmering altar of Xom.
  1952 | D:3      | Noticed Natasha
  1961 | D:3      | Killed Natasha
  1962 | D:3      | Reached skill level 5 in Short Blades
  2212 | D:3      | Gained mutation: You are partially covered in icy blue
                  | scales. (AC +2) [demonic ancestry]
  2212 | D:3      | Reached XP level 5. HP: 25/41 MP: 5/5
  2424 | D:3      | Noticed Natasha
  2433 | D:3      | Killed Natasha
  2770 | D:4      | Found a runed translucent door.
  2775 | D:4      | Noticed Stajl's ghost (amateur TrMo)
  2907 | D:4      | Found a staircase to the Ecumenical Temple.
  2961 | D:4      | Found a stormy altar of Qazlal.
  2982 | D:4      | Noticed an ogre
  2988 | D:4      | Killed an ogre
  2989 | D:4      | Reached skill level 6 in Short Blades
  3149 | D:4      | Gained mutation: Your demonic aura sometimes causes spilled
                  | blood to erupt in flames. [demonic ancestry]
  3149 | D:4      | Reached XP level 6. HP: 40/47 MP: 6/6
  3193 | D:4      | Found a basalt altar of Yredelemnul.
  3424 | D:4      | Killed Stajl's ghost
  3425 | D:4      | Reached skill level 7 in Short Blades
  3425 | D:4      | Reached XP level 7. HP: 38/52 MP: 7/7
  3604 | D:5      | Entered Level 5 of the Dungeon
  3970 | D:5      | Reached skill level 8 in Short Blades
  4403 | D:5      | Noticed Grinder
  4412 | D:5      | Killed Grinder
  4519 | D:6      | Reached skill level 9 in Short Blades
  4519 | D:6      | Gained mutation: You are mostly covered in icy blue scales.
                  | (AC +3) [demonic ancestry]
  4519 | D:6      | Reached XP level 8. HP: 33/58 MP: 8/8
  4520 | D:6      | Reached *** piety under Trog
  5333 | D:6      | Reached skill level 10 in Short Blades
  5996 | D:7      | Found Naon's Serpentskin Sales.
  5999 | D:7      | Gained mutation: You are partially covered in sharp spines.
                  | [demonic ancestry]
  5999 | D:7      | Reached XP level 9. HP: 66/66 MP: 9/9
  6170 | D:7      | Noticed Pikel
  6176 | D:7      | Killed Pikel
  6177 | D:7      | Reached skill level 5 in Fighting
  6177 | D:7      | Reached skill level 11 in Short Blades
  6314 | D:8      | Reached **** piety under Trog
  6523 | D:8      | Found a sparkling altar of Nemelex Xobeh.
  6796 | D:8      | Found Zin's Purification Station.
  6821 | D:8      | Found a staircase to the Lair.
  6848 | D:8      | Reached skill level 12 in Short Blades
  6861 | D:8      | Reached XP level 10. HP: 57/76 MP: 10/10
  7297 | D:8      | Found a sacrificial altar of Ru.
  7798 | D:8      | Noticed a deep elf pyromancer
  7798 | D:8      | Noticed a cyclops
  7799 | D:8      | Found a runed translucent door.
  7801 | D:8      | Noticed a boulder beetle
  7801 | D:8      | Noticed a six-headed hydra
  7801 | D:8      | Noticed a cyclops
  7801 | D:8      | Noticed a manticore
  8130 | D:9      | Found a snail-covered altar of Cheibriados.
  8551 | D:9      | Found an ancient bone altar of Kikubaaqudgha.
  8594 | D:9      | Noticed Prince Ribbit
  8598 | D:9      | Killed Prince Ribbit
  8599 | D:9      | Reached skill level 13 in Short Blades
  8599 | D:9      | Reached skill level 5 in Armour
  8619 | D:9      | Noticed a boulder beetle
  8634 | D:9      | Killed a boulder beetle
  8779 | D:9      | Noticed an ice statue
  8934 | D:10     | Entered Level 10 of the Dungeon
  8955 | D:10     | Reached ***** piety under Trog
  9338 | D:10     | Gained mutation: You punish those that try to bend your
                  | will. (Will+) [demonic ancestry]
  9338 | D:10     | Reached XP level 11. HP: 81/81 MP: 11/11
  9636 | D:10     | Found a hazy altar of Hepliaklqana.
  9667 | D:10     | Found an ornate altar of the Wu Jian Council.
  9914 | D:10     | Noticed a centaur warrior
  9920 | D:10     | Killed a centaur warrior
  9921 | D:10     | Reached skill level 14 in Short Blades
 10233 | D:10     | Found the ring of the Tortoise {AC+8}
 10520 | D:10     | Found a burning altar of Makhleb.
 10622 | D:10     | Found a staircase to the Orcish Mines.
 10814 | Lair:1   | Entered Level 1 of the Lair of Beasts
 10814 | Lair:1   | Noticed an oklob plant
 11127 | Lair:1   | Received a gift from Trog
 11796 | Lair:1   | Found a sparkling altar of Nemelex Xobeh.
 12184 | Lair:2   | Reached skill level 15 in Short Blades
 12196 | Lair:2   | Gained mutation: You are completely covered in icy blue
                  | scales. (AC +4, rC+) [demonic ancestry]
 12196 | Lair:2   | Reached XP level 12. HP: 69/88 MP: 12/12
 12392 | Lair:2   | Found a shadowy altar of Dithmenos.
 12447 | Lair:2   | Noticed Nergalle
 12471 | Lair:2   | Killed Nergalle
 13318 | Lair:2   | Found a staircase to the Shoals.
 13691 | Lair:2   | Reached skill level 16 in Short Blades
 14063 | Lair:3   | Noticed a death yak
 14064 | Lair:3   | Noticed a death yak
 14064 | Lair:3   | Noticed a death yak
 14065 | Lair:3   | Noticed a death yak
 14066 | Lair:3   | Noticed a death yak
 14068 | Lair:3   | Noticed a death yak
 14074 | Lair:3   | Killed a death yak
 14080 | Lair:3   | Killed a death yak
 14081 | Lair:3   | Reached skill level 1 in Shields
 14090 | Lair:3   | Killed a death yak
 14098 | Lair:3   | Killed a death yak
 14101 | Lair:3   | Killed a death yak
 14109 | Lair:3   | Killed a death yak
 14487 | Lair:3   | Found a staircase to the Snake Pit.
 14497 | Lair:3   | Received a gift from Trog
 14540 | Lair:3   | Identified the +6 hand axe "No More Talking" {vorpal,
                  | Dex+3}
 14771 | Lair:3   | Gained mutation: You have razor-sharp toenails. [demonic
                  | ancestry]
 14771 | Lair:3   | Reached XP level 13. HP: 96/96 MP: 13/13
 16406 | Lair:4   | Reached skill level 10 in Armour
 16631 | Lair:4   | Received a gift from Trog
 17160 | Lair:5   | Reached skill level 5 in Dodging
 17305 | Lair:5   | Found a dark tunnel.
 17366 | Lair:5   | Reached skill level 10 in Fighting
 17405 | Lair:5   | Found a staircase to the Slime Pits.
 17419 | Lair:5   | Reached skill level 5 in Shields
 17448 | Lair:5   | Reached XP level 14. HP: 28/110 MP: 14/14
 18168 | Lair:5   | Found a blossoming altar of Fedhas.
 18649 | Lair:6   | Entered Level 6 of the Lair of Beasts
 19017 | Lair:6   | Paralysed by a hornet for 1 turns
 19500 | Lair:6   | Got the Tome of Cankerous Dislocation
 20115 | Lair:6   | Reached ****** piety under Trog
 20563 | Orc:1    | Entered Level 1 of the Orcish Mines
 20581 | Orc:1    | Identified the +4 short sword "Loann" {vorpal, Fly rF++}
                  | (Trog gifted it to you on level 1 of the Orcish Mines)
 20581 | Orc:1    | Received a gift from Trog
 20857 | Orc:2    | Entered Level 2 of the Orcish Mines
 20956 | Orc:2    | Noticed Saint Roka
 21875 | Orc:2    | Noticed Urug
 21888 | Orc:2    | Killed Urug
 21907 | Orc:2    | Killed Saint Roka
 22651 | Orc:2    | Found Xuobb's Book Shoppe.
 22663 | Orc:2    | Found Esaxoamp's Antique Armour Shoppe.
 22670 | Orc:2    | Found Derousim's Antique Weapon Shoppe.
 22777 | Orc:2    | Received a gift from Trog
 22807 | Orc:2    | Reached XP level 15. HP: 107/121 MP: 15/15
 23070 | Orc:2    | Found Culoesto's General Store.
 23355 | Orc:2    | Found a staircase to the Elven Halls.
 23661 | Orc:1    | Found a burning altar of Makhleb.
 24036 | Snake:1  | Entered Level 1 of the Snake Pit
 25270 | Snake:1  | Received a gift from Trog
 25791 | Snake:2  | Found a transporter.
 26349 | Snake:2  | Found Qytorch's Distillery.
 26366 | Snake:2  | Bought a potion of curing for 42 gold pieces
 26366 | Snake:2  | Bought a potion of heal wounds for 70 gold pieces
 26366 | Snake:2  | Bought a potion of curing for 42 gold pieces
 26442 | Snake:2  | HP: 6/123 [salamander tyrant (18)]
 26835 | Snake:2  | HP: 2/124 [salamander (11)]
 27230 | Snake:2  | Identified the +9 morningstar "Omooxtor" {vorpal, rElec
                  | rPois rN++ Dex-5}
 27278 | Snake:2  | Found Acsuel's Assorted Antiques.
 27295 | Snake:2  | Bought a wavering golden ring for 100 gold pieces
 27295 | Snake:2  | Identified the ring "Guismoe" {rC+ Will+ Stlth+} (You
                  | bought it in a shop on level 2 of the Snake Pit)
 27698 | Snake:2  | Found a transporter.
 28001 | Snake:2  | Found Naegotaqor's Antique Weapon Boutique.
 28018 | Snake:2  | Found Liufoma's Weapon Boutique.
 28215 | Snake:2  | Found Josihemme's Distillery.
 28225 | Snake:2  | Bought a potion of curing for 33 gold pieces
 28225 | Snake:2  | Bought a potion of heal wounds for 55 gold pieces
 28225 | Snake:2  | Bought a potion of curing for 33 gold pieces
 28225 | Snake:2  | Bought a potion of curing for 33 gold pieces
 28225 | Snake:2  | Bought a potion of heal wounds for 55 gold pieces
 28647 | Snake:3  | Received a gift from Trog
 28813 | Snake:3  | Found Ysaugynatsu's Book Shoppe.
 29105 | Snake:3  | Found a runed translucent gate.
 29105 | Snake:3  | Found a runed translucent gate.
 29190 | Snake:3  | Found a runed translucent gate.
 29192 | Snake:3  | Found an opulent altar of Gozag.
 29193 | Snake:3  | Noticed Sokuv's ghost (adept DECj)
 29194 | Snake:3  | Found Oddiwik's Assorted Antiques.
 29229 | Snake:3  | Reached XP level 16. HP: 132/132 MP: 16/16
 30661 | Shoals:1 | Entered Level 1 of the Shoals
 30681 | Shoals:1 | Noticed a kraken
 30714 | Shoals:1 | Noticed Josephine
 30743 | Shoals:1 | Killed Josephine
 30764 | Shoals:1 | Killed a kraken
 31787 | Shoals:1 | Identified the +12 rapier "Tentacled Spiderbane" {flame,
                  | rF+} (Trog gifted it to you on level 1 of the Shoals)
 31787 | Shoals:1 | Received a gift from Trog
 31856 | Shoals:1 | Noticed Donald
 31867 | Shoals:1 | Killed Donald
 31882 | Shoals:1 | Noticed Louise
 31895 | Shoals:1 | Killed Louise
 32383 | Shoals:1 | Noticed a kraken
 32400 | Shoals:1 | Killed a kraken
 32919 | Shoals:1 | Reached skill level 15 in Fighting
 33056 | Shoals:2 | Hit by a silver javelin thrown by a merfolk javelineer

Illustrated notes

Levels and vault maps discovered:
D:1:      scummos_arrival_hexagon, layout_rooms, chequers_serial_rivers_micro_c
D:2:      layout_rooms, ebering_ecumenical_altar_petrified
D:3:      layout_loops_ring, mainiacjoe_overflow_catwalk,
          amethyst_overflow_temple_binary, uniq_jessica, uniq_natasha
D:4:      layout_rooms, mainiacjoe_overflow_concentric_impassable,
          lemuel_zombie_altar_yredelemnul, minmay_temple_entry_sparse_star,
          ebering_ghost_sewer_d
D:5:      layout_loops_corners, uniq_grinder
D:6:      layout_rooms
D:7:      layout_loops_cross, guppyfry_shop_venom, uniq_pikel
D:8:      minmay_gate_of_8, layout_loops_corners, mainiacjoe_overflow_24_doors,
          zin_purify, old_standard_altar, minmay_lair_entry_grove
D:9:      lemuel_ice_statue, layout_loops_ring,
          mainiacjoe_overflow_catch_the_wave, nzn_sisyphean_effort,
          uniq_prince_ribbit1
D:10:     minmay_blocky_corners, layout_cross, mainiacjoe_overflow_big_doors,
          nicolae_wu_jian_wuxing_cycle, erik_orc_1, grunt_decor_resistance
Lair:1:   layout_regular_city, basic_altar, dpeg_stationary_puzzle
Lair:2:   layout_regular_city, shoals_dummy_entry, lemuel_centaur_altar,
          infiniplex_staircase_pool_2, uniq_nergalle
Lair:3:   cheibrodos_lair_overgrown_chateau, layout_hall_layers,
          guppyfry_snake_entry_island, chequers_serial_rivers_micro_e,
          minmay_lair_oklob_items, st_stairs_12, chequers_serial_rivers_micro_e,
          lemuel_fruit_fields
Lair:4:   layout_misc_corridors
Lair:5:   layout_long_grid, minmay_slime_entry_oklob_open, enter_volcano_1,
          chequers_serial_rivers_small_3, tgw_fedhas, serial_bayou_shore_a
Lair:6:   minmay_lair_end_enchanted_forest, layout_hall_layers,
          chequers_serial_rivers_room_b
Shoals:1: layout_shoals, uniq_josephine, uniq_donald, uniq_louise
Shoals:2: layout_shoals
Snake:1:  layout_grid_maze, drop_trap, grunt_megastairs_2
Snake:2:  gammafunk_its_a_trap, layout_onion_interference, serial_shops,
          nicolae_shop_temple_entry_statues_fountains, nicolae_lakefront_shop,
          shop, shop_fountains, nicolae_shop_waterfront, grunt_ministairs_13,
          nicolae_snake_salamander_zone, serial_bayou_shore_b
Snake:3:  layout_onion_interference, ebering_ghost_gozag, serial_shops,
          shop_statue, nicolae_snake_snakewalk
Orc:1:    layout_caves, basic_altar, rock_pile
Orc:2:    grunt_orc_cross, layout_caves, nicolae_orc_lost_temple

Skill      XL: |  1  2  3  4  5  6  7  8  9 10 11 12 13 14 15 16 |
---------------+-------------------------------------------------+-----
Short Blades   | 3 4 5 6 7 9 10 12 13 15 16 | 16.0
Fighting       | 4 6 7 10 12 13 15 | 15.1
Armour         | 3 5 7 9 10 11 12 | 12.8
Dodging        | 3 5 7 8 9 |  9.8
Shields        | 2 5 7 8 9 |  9.5

Action                   |  1- 3 |  4- 6 |  7- 9 | 10-12 | 13-15 | 16-18 || total
-------------------------+-------+-------+-------+-------+-------+-------++-------
Melee: Short sword       |   110 |    80 |   271 |   682 |   218 |       ||  1361
       Kick              |    29 |    21 |    79 |   250 |   479 |   216 ||  1074
       Rapier            |       |       |       |       |   979 |   173 ||  1152
       Quick blade       |       |       |       |       |   125 |   363 ||   488
Invok: Berserk           |     1 |     3 |     8 |    14 |    30 |     7 ||    63
       Trog's Hand       |       |       |       |       |     2 |     1 ||     3
       Brothers in Arms  |       |       |       |       |     3 |     3 ||     6
  Use: Scroll            |       |     9 |    11 |     5 |     7 |     1 ||    33
       Potion            |       |       |       |       |     6 |     3 ||     9
 Stab: Sleeping          |     1 |       |       |       |       |       ||     1
       Confused          |       |       |       |     1 |       |       ||     1
Armor: Animal skin       |     9 |       |       |       |       |       ||     9
       Leather armour    |    13 |       |       |       |       |       ||    13
       Ring mail         |     4 |     5 |       |       |       |       ||     9
       Chain mail        |       |    17 |    80 |   295 |   470 |   142 ||  1004
       Skin              |       |       |       |       |     3 |       ||     3
Dodge: Dodged            |    58 |    18 |    52 |   179 |   324 |   114 ||   745
Block: Buckler           |       |       |       |     4 |   229 |   111 ||   344
       Reflection        |       |       |       |       |     3 |     7 ||    10
